Map: [ESL] Waterfall

Players

DPGDark (Dark)

  • Race: Zerg Zerg
  • League: Master
  • Spawn Location: 7:00

Maru - Winner!

  • Race: Terran Terran
  • League: Master
  • Spawn Location: 1:00

VOD

Have the link to the VOD?

Description

Time

  • Played on: Nov. 6, 2022, 8:55 a.m.
  • Length: 8:56
Show
View Real Time Build Order
Export as new Build Order

DPGDark Zerg 

Build Orders: Pool First, Zergling Baneling 

Get SALT Encoding   

  12  0:00  Drone  
  13  0:12  Overlord  
  13  0:17  Drone  
  14  0:30  Drone x2  
  16  0:37  Drone  
  17  0:43  Extractor  
  17  0:45  Drone  
  17  0:50  Spawning Pool  
  17  0:55  Drone  
  17  1:06  Drone  
  18  1:20  Hatchery  
  18  1:24  Drone  
  18  1:30  Drone  
  19  1:45  Queen  
  21  1:47  Zergling x2  
  21  1:48  Metabolic Boost  
  22  1:55  Overlord  
  22  2:13  Zergling x4  
  24  2:21  Queen  
  26  2:29  Drone  
  27  2:32  Queen  
  27  2:35  Drone x2  
  31  2:45  Overlord  
  31  2:46  Drone  
  32  2:54  Zergling x4  
  33  3:03  Drone x2  
  33  3:04  Drone  
  35  3:10  Drone x2  
  37  3:21  Drone  
  37  3:22  Drone  
  37  3:26  Drone  
  42  3:39  Hatchery  
  41  3:45  Baneling Nest  
  41  3:46  Extractor  
  41  3:47  Zergling x8  
  41  3:58  Zergling x6  
  41  4:02  Overlord  
  44  4:19  Overlord x2  
  44  4:21  Zergling x8  
  48  4:28  Zergling x8  
  52  4:31  Baneling x3  
  52  4:32  Baneling x4  
  52  4:38  Zergling x2  
  53  4:41  Zergling x4  
  53  4:44  Baneling x3  
  55  4:46  Baneling x2  
  54  4:53  Zergling x6  
  54  4:58  Zergling x2  
  45  5:07  Zergling x2  
  45  5:08  Zergling x6  
  45  5:13  Zergling x4  
  48  5:17  Drone x2  
  48  5:20  Drone  
  49  5:27  Baneling x4  
  50  5:28  Drone  
  50  5:30  Drone  
  50  5:32  Drone  
  50  5:34  Drone  
  54  5:35  Drone  
  54  5:38  Baneling x3  
  54  5:42  Drone x2  
  56  5:44  Drone  
  56  5:47  Drone  
  57  5:54  Drone x5  
  58  6:02  Roach Warren  
  57  6:14  Zergling x2, Extractor  
  57  6:15  Zergling x16  
  65  6:26  Overlord  
  65  6:36  Overlord  
  65  6:42  Overlord  
  65  6:45  Roach x3  
  71  6:47  Roach  
  71  6:51  Overlord  
  73  6:54  Overlord  
  73  6:56  Roach x4  
  73  6:59  Spore Crawler  
  80  7:02  Roach x3  
  80  7:04  Roach  
  88  7:12  Roach  
  86  7:17  Roach  
  86  7:18  Roach  
  84  7:25  Roach x2  
  86  7:30  Spore Crawler  
  82  7:46  Ravager  
  82  7:47  Zergling x8  
  82  7:49  Zergling x2  
  81  7:51  Ravager  
  81  7:56  Zergling x6  
  85  8:03  Ravager  
  85  8:04  Zergling x4, Ravager x2  
  90  8:08  Zergling x4  
  90  8:11  Ravager  
  94  8:12  Zergling x2  
  94  8:13  Zergling x2  
  94  8:17  Overlord  
  94  8:19  Ravager  
Show
View Real Time Build Order
Export as new Build Order

Maru Terran - Winner!

Build Orders:  

Get SALT Encoding   

  12  0:00  SCV  
  13  0:12  SCV  
  14  0:17  Supply Depot  
  14  0:24  SCV  
  15  0:39  SCV  
  15  0:42  Barracks  
  16  0:43  Refinery  
  16  0:51  SCV  
  17  0:59  Barracks  
  17  1:03  SCV  
  18  1:15  SCV  
  19  1:29  Reaper, Orbital Command  
  20  1:39  Supply Depot  
  20  1:46  Reaper  
  21  1:54  SCV  
  22  2:03  Reaper  
  22  2:06  SCV  
  24  2:11  Command Center  
  24  2:16  Refinery  
  24  2:18  SCV  
  25  2:30  SCV  
  26  2:37  Marine  
  26  2:40  Factory  
  26  2:42  SCV  
  28  2:45  Supply Depot  
  28  2:50  Marine  
  29  2:55  SCV  
  29  2:56  Barracks Reactor  
  30  3:07  SCV  
  30  3:11  Barracks Tech Lab  
  30  3:19  SCV  
  31  3:23  Orbital Command  
  31  3:26  Factory Reactor, Starport  
  31  3:30  Marine  
  31  3:31  SCV  
  31  3:32  Marine  
  31  3:33  Marine  
  35  3:40  Stimpack  
  35  3:43  SCV  
  35  3:46  Supply Depot  
  35  3:48  Marine  
  37  3:50  Marine  
  37  3:51  SCV, Marine  
  37  3:55  SCV  
  41  4:03  SCV  
  41  4:04  Hellion x2  
  41  4:05  Medivac  
  41  4:09  Supply Depot  
  48  4:11  Marine x2  
  48  4:12  Marine  
  48  4:17  SCV x2  
  53  4:26  Armory  
  53  4:27  Hellion x2  
  53  4:30  SCV  
  53  4:31  SCV  
  59  4:34  Marine x2  
  59  4:35  Marine  
  62  4:39  Medivac  
  62  4:43  Supply Depot, SCV  
  65  4:47  SCV  
  65  4:52  Marine x2  
  68  4:53  Marine  
  68  4:55  Hellion, SCV  
  68  5:04  SCV  
  64  5:08  SCV  
  64  5:10  Marine x2  
  64  5:11  Marine  
  63  5:16  SCV  
  63  5:20  SCV  
  65  5:21  Supply Depot  
  65  5:24  Combat Shield  
  65  5:27  Marine  
  66  5:30  Widow Mine  
  66  5:32  SCV  
  66  5:35  Supply Depot  
  69  5:38  Refinery  
  69  5:39  SCV  
  70  5:43  Medivac, Widow Mine  
  70  5:44  SCV  
  75  5:55  SCV, Command Center  
  75  5:56  Marine x2  
  72  5:59  Engineering Bay  
  72  6:00  Engineering Bay  
  72  6:02  Widow Mine  
  74  6:05  Widow Mine  
  74  6:06  SCV  
  77  6:17  Starport Reactor  
  77  6:18  SCV, Barracks  
  78  6:19  Supply Depot, Barracks, Starport Tech Lab  
  78  6:24  SCV  
  78  6:25  Refinery, Marine x3  
  81  6:32  Terran Infantry Armor Level 1, Terran Infantry Weapons Level 1  
  82  6:38  SCV  
  83  6:44  SCV  
  83  6:45  Supply Depot  
  84  6:48  Marine x2  
  84  6:49  Marine  
  84  6:50  Siege Tank  
  84  6:51  SCV  
  84  6:53  Medivac  
  93  6:56  SCV  
  94  7:01  Bunker  
  94  7:07  SCV, Marine x2  
  94  7:08  Supply Depot, Barracks Reactor x2  
  97  7:16  Marine  
  97  7:20  Orbital Command  
  97  7:22  Barracks  
  93  7:24  Marine  
  93  7:25  Siege Tank  
  93  7:26  Marine  
  96  7:35  Marauder  
  96  7:39  Medivac  
  96  7:40  Medivac  
  96  7:42  Marine  
  96  7:43  Orbital Command  
  99  7:44  Marine  
  99  7:46  Marine x3  
  100  7:52  Marine  
  100  7:53  SCV  
  100  7:54  Supply Depot, SCV  
  100  7:55  Marine  
  104  8:00  Siege Tank, Marine  
  104  8:02  Marine  
  104  8:04  Marine  
  106  8:06  SCV  
  106  8:07  SCV  
  106  8:09  SCV  
  106  8:11  Marine x2  
  106  8:12  Barracks Tech Lab  
  111  8:15  Marine x2  
  111  8:18  SCV  
  111  8:19  SCV  
  115  8:21  SCV  
  115  8:23  Medivac x2, Marine  
  121  8:29  Marine x4  
  121  8:30  Marine  
  122  8:35  Marine  
  122  8:36  Marine  
Tags
 
Add a new tag
Caveats
  • Supply blocks, unpowered buildings, or Contaminate may cause inaccurate times.
  • Supply counts are checked every 10 seconds.